PBL
AMARILLO THUNDERHEADS @ KELOWNA HEAT
06/26/2045
 
TOP OF THE 1ST
Amarillo ThunderHeads batting - Pitching for Kelowna Heat : RHP Dan Giles
Pitching: RHP Dan Giles
Batting: SHB Zack Barton 0-0: Called Strike
0-1: Fly out, F7 (Line Drive, 7, EV 98.1 MPH)
Batting: LHB Santino Pisanello 0-0: Ball
1-0: Foul Ball, location: 2F
1-1: Called Strike
1-2: DOUBLE (Flyball, 9LM, EV 87.5 MPH)
Batting: RHB Sal Cervantes 0-0: Fly out, F3 (Popup, 23F, EV 87.5 MPH)
Batting: RHB Elias Sagrero 0-0: Ball
Wild Pitch!
Santino Pisanello to third
1-0: Ball
2-0: Foul Ball, location: 2F
2-1: Swinging Strike
2-2: Fly out, F6 (Flyball, 56D, EV 86.2 MPH)
Top of the 1st over - 0 runs, 1 hit, 0 errors, 1 left on base; Amarillo 0 - Kelowna 0
BOTTOM OF THE 1ST
Kelowna Heat batting - Pitching for Amarillo ThunderHeads : RHP Mike Hickey
Pitching: RHP Mike Hickey
Batting: RHB Coen Dirks 0-0: Ball
1-0: Ball
2-0: Fly out, F9 (Flyball, 9D, EV 100.6 MPH)
Batting: RHB Brian Rogers 0-0: Foul Ball, location: 2F
0-1: Foul Ball, location: 2F
0-2: Strikes out swinging
Batting: RHB Miguel Gonzalez 0-0: Fly out, F7 (Flyball, 78M, EV 93.1 MPH)
Bottom of the 1st over - 0 runs, 0 hits, 0 errors, 0 left on base; Amarillo 0 - Kelowna 0
TOP OF THE 2ND
Amarillo ThunderHeads batting - Pitching for Kelowna Heat : RHP Dan Giles
Batting: RHB Ron Squires 0-0: Called Strike
0-1: Ball
1-1: Fly out, F8 (Line Drive, 8LM, EV 110.6 MPH)
Batting: RHB Morgan Harding 0-0: Foul Ball, location: 2F
0-1: Ball
1-1: Ball
2-1: Ball
3-1: Base on Balls
Batting: RHB Eric Juarez 0-0: Swinging Strike
0-1: Called Strike
0-2: SINGLE (Groundball, 34D, EV 102.5 MPH)
Morgan Harding to second
Runner from 2nd tries for 3rd, SAFE, throw by RF made to third
Batting: RHB Josh Shoemaker 0-0: Ball
1-0: Swinging Strike
1-1: Ball
2-1: SINGLE (Line Drive, 6D, EV 95.6 MPH)
Morgan Harding scores
Eric Juarez to second
Batting: SHB Tyler Romo 0-0: Ball
Passed Ball!
Eric Juarez to third
Josh Shoemaker to second
1-0: Ball
2-0: Ball
3-0: Base on Balls
Batting: SHB Zack Barton 0-0: Called Strike
0-1: Swinging Strike
0-2: Ball
1-2: Ball
2-2: SINGLE (Flyball, 8RM, EV 99.4 MPH)
Eric Juarez scores
Josh Shoemaker to third
Tyler Romo to second
Batting: LHB Santino Pisanello 0-0: Fielders Choice at 2nd, 4-6 (Groundball, 4, EV 98.8 MPH)
Josh Shoemaker scores
Tyler Romo to third
Batting: RHB Sal Cervantes 0-0: Called Strike
0-1: Ball
1-1: Ground out 4-3 (Groundball, 4, EV 90.0 MPH)
Top of the 2nd over - 3 runs, 3 hits, 0 errors, 2 left on base; Amarillo 3 - Kelowna 0
BOTTOM OF THE 2ND
Kelowna Heat batting - Pitching for Amarillo ThunderHeads : RHP Mike Hickey
Batting: RHB Troy Trice 0-0: Called Strike
0-1: Ball
1-1: Called Strike
1-2: Strikes out swinging
Batting: RHB Tony Harper 0-0: Fly out, F8 (Flyball, 8RD, EV 79.4 MPH)
Batting: LHB Mike Roberts 0-0: Ball
1-0: Ball
2-0: Ball
3-0: Base on Balls
Batting: LHB Steve Nevis 0-0: Called Strike
0-1: Ball
1-1: Called Strike
1-2: Fly out, F8 (Flyball, 89D, EV 106.2 MPH)
Bottom of the 2nd over - 0 runs, 0 hits, 0 errors, 1 left on base; Amarillo 3 - Kelowna 0
TOP OF THE 3RD
Amarillo ThunderHeads batting - Pitching for Kelowna Heat : RHP Dan Giles
Batting: RHB Elias Sagrero 0-0: Ball
1-0: Swinging Strike
1-1: Ball
2-1: Called Strike
2-2: Strikes out looking
Batting: RHB Ron Squires 0-0: Ball
1-0: Called Strike
1-1: Ground out 6-3 (Groundball, 56, EV 105.0 MPH)
Batting: RHB Morgan Harding 0-0: Ball
1-0: Ground out 6-3 (Groundball, 56, EV 82.5 MPH)
Top of the 3rd over - 0 runs, 0 hits, 0 errors, 0 left on base; Amarillo 3 - Kelowna 0
BOTTOM OF THE 3RD
Kelowna Heat batting - Pitching for Amarillo ThunderHeads : RHP Mike Hickey
Batting: RHB Josh Truell 0-0: Ball
1-0: Ball
2-0: Ball
3-0: Called Strike
3-1: Base on Balls
Batting: RHB Harry Dickson 0-0: Called Strike
0-1: SINGLE (Groundball, 56S, EV 66.9 MPH) (infield hit)
Josh Truell to second
Batting: RHB Coen Dirks 0-0: Grounds into double play, 5-4-3 (Groundball, 56S, EV 86.2 MPH)
Josh Truell to third
Batting: RHB Brian Rogers 0-0: Foul Ball, location: 2F
0-1: Foul Ball, location: 2F
0-2: Fly out, F8 (Line Drive, 8LM, EV 91.2 MPH)
Bottom of the 3rd over - 0 runs, 1 hit, 0 errors, 1 left on base; Amarillo 3 - Kelowna 0
TOP OF THE 4TH
Amarillo ThunderHeads batting - Pitching for Kelowna Heat : RHP Dan Giles
Batting: RHB Eric Juarez 0-0: Ball
1-0: Called Strike
1-1: Foul Ball, location: 2F
1-2: Reached on error, E6 (Groundball, 6, EV 89.4 MPH)
Batting: RHB Josh Shoemaker 0-0: Swinging Strike
0-1: Ball
Passed Ball!
Eric Juarez to second
1-1: Ball
2-1: Foul Ball, location: 2F
2-2: DOUBLE (Line Drive, 78D, EV 105.0 MPH)
Eric Juarez scores
Batting: SHB Tyler Romo 0-0: Ball
1-0: Ball
2-0: Swinging Strike
2-1: Called Strike
2-2: Ground out 4-3 (Groundball, 4, EV 109.4 MPH)
Josh Shoemaker to third
Batting: SHB Zack Barton 0-0: Ball
1-0: Foul Ball, location: 2F
1-1: Swinging Strike
1-2: Fly out, F6 (Popup, 4MD, EV 46.9 MPH)
Batting: LHB Santino Pisanello 0-0: Ball
1-0: Ball
2-0: Ball
3-0: Base on Balls
Batting: RHB Sal Cervantes 0-0: Called Strike
Santino Pisanello steals 2nd base
0-1: Swinging Strike
0-2: Ball
1-2: Ball
2-2: Ground out 4-3 (Groundball, 4, EV 78.1 MPH)
Top of the 4th over - 1 run, 1 hit, 1 error, 2 left on base; Amarillo 4 - Kelowna 0
BOTTOM OF THE 4TH
Kelowna Heat batting - Pitching for Amarillo ThunderHeads : RHP Mike Hickey
Batting: RHB Miguel Gonzalez 0-0: Swinging Strike
0-1: Swinging Strike
0-2: Foul Ball, location: 2F
0-2: Strikes out looking
Batting: RHB Troy Trice 0-0: Ball
1-0: Ground out 4-3 (Groundball, 4M, EV 99.4 MPH)
Batting: RHB Tony Harper 0-0: Ball
1-0: Ball
2-0: Called Strike
2-1: Ground out 6-3 (Groundball, 6, EV 85.6 MPH)
Bottom of the 4th over - 0 runs, 0 hits, 0 errors, 0 left on base; Amarillo 4 - Kelowna 0
TOP OF THE 5TH
Amarillo ThunderHeads batting - Pitching for Kelowna Heat : RHP Dan Giles
Batting: RHB Elias Sagrero 0-0: Reached on error, E1 (Groundball, 15S, EV 69.4 MPH)
Batting: RHB Ron Squires 0-0: Ball
Passed Ball!
Elias Sagrero to second
1-0: SINGLE (Groundball, 56, EV 109.4 MPH) (infield hit)
Elias Sagrero to third
Pitching: RHP Mike Flynn
Batting: RHB Morgan Harding 0-0: Called Strike
0-1: Ball
1-1: Foul Ball, location: 2F
1-2: Strikes out swinging
Batting: RHB Eric Juarez 0-0: Ball
Passed Ball!
Elias Sagrero scores
Ron Squires to second
1-0: Ball
2-0: Called Strike
2-1: Foul Ball, location: 2F
2-2: Strikes out looking
Batting: RHB Josh Shoemaker 0-0: Ball
1-0: Ball
2-0: Ball
Ron Squires steals 3rd base
3-0: Called Strike
3-1: Called Strike
3-2: Fly out, F8 (Flyball, 8LXD, EV 86.2 MPH)
Top of the 5th over - 1 run, 1 hit, 1 error, 1 left on base; Amarillo 5 - Kelowna 0
BOTTOM OF THE 5TH
Kelowna Heat batting - Pitching for Amarillo ThunderHeads : RHP Mike Hickey
Batting: LHB Mike Roberts 0-0: Fly out, F8 (Flyball, 8RD, EV 98.1 MPH)
Batting: LHB Steve Nevis 0-0: Foul Ball, location: 2F
0-1: Ball
1-1: Ball
2-1: Swinging Strike
2-2: Foul Ball, location: 2F
2-2: Foul Ball, location: 2F
2-2: Fly out, F8 (Line Drive, 8RD, EV 94.4 MPH)
Batting: RHB Josh Truell 0-0: Ball
1-0: Swinging Strike
1-1: Fly out, F9 (Flyball, 9D, EV 100.0 MPH)
Bottom of the 5th over - 0 runs, 0 hits, 0 errors, 0 left on base; Amarillo 5 - Kelowna 0
TOP OF THE 6TH
Amarillo ThunderHeads batting - Pitching for Kelowna Heat : RHP Mike Flynn
Batting: SHB Tyler Romo 0-0: Fly out, F7 (Line Drive, 7, EV 93.8 MPH)
Batting: SHB Zack Barton 0-0: Ball
1-0: Ball
2-0: Ball
3-0: Base on Balls
Pitching: RHP Kevin Spencer
Batting: LHB Santino Pisanello 0-0: Called Strike
0-1: Swinging Strike
0-2: Ball
Passed Ball!
Zack Barton to second
1-2: Strikes out swinging
Batting: RHB Sal Cervantes 0-0: Called Strike
0-1: Foul Ball, location: 2F
0-2: Ball
1-2: Strikes out swinging
Top of the 6th over - 0 runs, 0 hits, 0 errors, 1 left on base; Amarillo 5 - Kelowna 0
BOTTOM OF THE 6TH
Kelowna Heat batting - Pitching for Amarillo ThunderHeads : RHP Mike Hickey
Batting: RHB Harry Dickson 0-0: Called Strike
0-1: Called Strike
0-2: Strikes out swinging
Batting: RHB Coen Dirks 0-0: Ground out 6-3 (Groundball, 6, EV 85.6 MPH)
Batting: RHB Brian Rogers 0-0: Ball
1-0: Ground out 5-3 (Groundball, 56S, EV 70.6 MPH)
Bottom of the 6th over - 0 runs, 0 hits, 0 errors, 0 left on base; Amarillo 5 - Kelowna 0
TOP OF THE 7TH
Amarillo ThunderHeads batting - Pitching for Kelowna Heat : RHP Kevin Spencer
Batting: RHB Elias Sagrero 0-0: Swinging Strike
0-1: Foul Ball, location: 2F
0-2: Strikes out looking
Batting: RHB Ron Squires 0-0: Called Strike
0-1: Fly out, F6 (Line Drive, 6, EV 66.2 MPH)
Batting: RHB Morgan Harding 0-0: Called Strike
0-1: Ball
1-1: Ball
2-1: Foul Ball, location: 2F
2-2: Strikes out looking
Top of the 7th over - 0 runs, 0 hits, 0 errors, 0 left on base; Amarillo 5 - Kelowna 0
BOTTOM OF THE 7TH
Kelowna Heat batting - Pitching for Amarillo ThunderHeads : RHP Mike Hickey
Batting: RHB Miguel Gonzalez 0-0: SINGLE (Line Drive, 3D, EV 97.5 MPH)
Batting: RHB Troy Trice 0-0: Called Strike
0-1: Ball
Miguel Gonzalez steals 2nd base
1-1: Called Strike
1-2: SINGLE (Line Drive, 7S, EV 86.9 MPH)
Miguel Gonzalez to third
Runner from 3rd tries for Home, SAFE, throw by LF to home
Batting: RHB Tony Harper 0-0: Ball
1-0: Fly out, F7 (Flyball, 78D, EV 104.4 MPH)
Batting: LHB Mike Roberts 0-0: Called Strike
0-1: Ball
1-1: Ball
2-1: SINGLE (Groundball, 25, EV 69.4 MPH) (infield hit)
Troy Trice to second
Batting: LHB Steve Nevis 0-0: Ball
1-0: Ball
2-0: Ground out 6-3 (Groundball, 6M, EV 86.2 MPH)
Troy Trice to third
Mike Roberts to second
Batting: RHB Josh Truell 0-0: Ball
1-0: Fly out, F2 (Popup, 3SF, EV 76.9 MPH)
Bottom of the 7th over - 1 run, 3 hits, 0 errors, 2 left on base; Amarillo 5 - Kelowna 1
TOP OF THE 8TH
Amarillo ThunderHeads batting - Pitching for Kelowna Heat : RHP Kevin Spencer
Pitching: LHP Jimmy Heinecke
Batting: RHB Eric Juarez 0-0: Ball
1-0: Swinging Strike
1-1: Swinging Strike
1-2: Ball
2-2: Strikes out swinging
Batting: RHB Josh Shoemaker 0-0: Ball
1-0: Ball
2-0: Swinging Strike
2-1: Ground out 6-3 (Groundball, 56, EV 82.5 MPH)
Batting: SHB Tyler Romo 0-0: Ball
1-0: Swinging Strike
1-1: DOUBLE (Groundball, 5L, EV 96.2 MPH)
Batting: SHB Zack Barton 0-0: Foul Ball, location: 2F
0-1: Called Strike
0-2: Foul Ball, location: 2F
0-2: Foul Ball, location: 2F
0-2: Ground out 4-3 (Groundball, 4M, EV 77.5 MPH)
Top of the 8th over - 0 runs, 1 hit, 0 errors, 1 left on base; Amarillo 5 - Kelowna 1
BOTTOM OF THE 8TH
Kelowna Heat batting - Pitching for Amarillo ThunderHeads : RHP Mike Hickey
Batting: RHB Harry Dickson 0-0: Foul Ball, location: 2F
0-1: Ball
1-1: Called Strike
1-2: SINGLE (Groundball, 56D, EV 97.5 MPH)
Batting: RHB Coen Dirks 0-0: Ground out 4-3 (Groundball, 4S, EV 73.1 MPH)
Harry Dickson to second
Batting: RHB Brian Rogers 0-0: Ball
1-0: Called Strike
1-1: Foul Ball, location: 2F
1-2: SINGLE (Groundball, 6MS, EV 65.6 MPH) (infield hit)
Harry Dickson to third
Batting: RHB Miguel Gonzalez 0-0: Ball
1-0: Foul Ball, location: 2F
1-1: Fly out, F9 (Flyball, 9LD, EV 98.8 MPH)
Runner from 3rd tags up, SCORES, no throw by RF
Batting: RHB Troy Trice 0-0: Called Strike
0-1: SINGLE (Flyball, 7S, EV 83.1 MPH)
Brian Rogers to second
Pitching: RHP Brad Sanchez
Batting: RHB Tony Harper 0-0: Swinging Strike
Passed Ball!
Brian Rogers to third
Troy Trice to second
0-1: Ball
1-1: Swinging Strike
Passed Ball!
Brian Rogers scores
Troy Trice to third
1-2: Strikes out looking
Bottom of the 8th over - 2 runs, 3 hits, 0 errors, 1 left on base; Amarillo 5 - Kelowna 3
TOP OF THE 9TH
Amarillo ThunderHeads batting - Pitching for Kelowna Heat : LHP Jimmy Heinecke
Pitching: RHP Sam Drews
Batting: LHB Santino Pisanello 0-0: Called Strike
0-1: Ball
1-1: Swinging Strike
1-2: Ground out 6-3 (Groundball, 6, EV 86.9 MPH)
Batting: RHB Sal Cervantes 0-0: Ball
1-0: Ball
2-0: Called Strike
2-1: Ground out 6-3 (Groundball, 6, EV 104.4 MPH)
Batting: RHB Elias Sagrero 0-0: Ball
1-0: Called Strike
1-1: Ball
2-1: Called Strike
2-2: Strikes out looking
Top of the 9th over - 0 runs, 0 hits, 0 errors, 0 left on base; Amarillo 5 - Kelowna 3
BOTTOM OF THE 9TH
Kelowna Heat batting - Pitching for Amarillo ThunderHeads : RHP Brad Sanchez
Batting: LHB Mike Roberts 0-0: Foul Ball, location: 2F
0-1: Called Strike
0-2: Ball
1-2: Ball
2-2: Fly out, F8 (Flyball, 78M, EV 88.1 MPH)
Batting: LHB Steve Nevis 0-0: Ball
1-0: Ball
2-0: Ball
3-0: Called Strike
3-1: Called Strike
3-2: Foul Ball, location: 2F
3-2: Ground out 5-3 (Groundball, 5L, EV 83.8 MPH)
Pinch Hitting: LHB Chris West 0-0: Ball
1-0: Called Strike
1-1: Swinging Strike
1-2: Strikes out swinging
Bottom of the 9th over - 0 runs, 0 hits, 0 errors, 0 left on base; Amarillo 5 - Kelowna 3
Wednesday, June 22nd , 2022 - OOTP Baseball 23.4 Build 64